 Dungeon Crawl Stone Soup version 0.24-a0-252-g5076262 (webtiles) character file.

Game seed: 84601182819530948

313 robertstho the Cutter (level 6, -16/38 HPs)
             Began as a Kobold Berserker on Apr 17, 2019.
             Was a Priest of Trog.
             Killed from afar by a steam dragon (24 damage)
             ... with a ball of steam
             ... on level 4 of the Dungeon.
             The game lasted 00:08:15 (3284 turns).

robertstho the Cutter (Kobold Berserker)            Turns: 3284, Time: 00:08:16

Health: -16/38     AC:  8    Str: 14    XL:     6   Next: 71%
Magic:  6/6        EV: 13    Int:  8    God:    Trog [***...]
Gold:   101        SH:  8    Dex: 20    Spells: 5/5 levels left

rFire    . . .     SeeInvis .   a - +0 short sword
rCold    . . .     Gourm    .   m - +0 shield
rNeg     . . .     Faith    .   g - +0 ring mail (curse)
rPois    .         Spirit   .   (no helmet)
rElec    .         Reflect  .   l - +1 cloak
rCorr    .         Harm     .   d - +0 pair of gloves
MR       .....                  (no boots)
Stlth    +.........             (no amulet)
HPRegen  0.12/turn              b - +3 ring of dexterity
MPRegen  0.10/turn              (no ring)

@: berserk cooldown, flying, slowed, very slow
A: small, carnivore
a: Berserk, Trog's Hand, Renounce Religion


You were on level 4 of the Dungeon.
You worshipped Trog.
Trog was most pleased with you.
You were very full.

You visited 1 branch of the dungeon, and saw 4 of its levels.

You collected 131 gold pieces.
You spent 30 gold pieces at shops.

Inventory:

Hand Weapons
 a - a +0 short sword (weapon)
Armour
 d - a +0 pair of gloves (worn)
 g - a cursed +0 ring mail (worn)
 h - a +0 scale mail
 l - a +1 cloak (worn)
 m - a +0 shield (worn)
Jewellery
 b - a +3 ring of dexterity (left hand)
Scrolls
 e - a scroll of magic mapping
 f - 2 scrolls of remove curse
 j - 2 scrolls of enchant weapon
Potions
 k - a potion of flight
Comestibles
 c - 8 rations


   Skills:
 + Level 4.1 Fighting
 + Level 5.7 Short Blades
 * Level 2.9 Armour
 * Level 4.8 Dodging
 + Level 0.9 Stealth
 + Level 1.0 Shields


You had 5 spell levels left.
You didn't know any spells.
Your spell library was empty.

Dungeon Overview and Level Annotations

Branches:
Dungeon (4/15)
 Temple: D:4-7

Altars:
Cheibriados
Nemelex Xobeh
Xom
Zin

Shops:
D:4 *


Innate Abilities, Weirdness & Mutations

You are small and have problems with some larger weapons.
You are carnivorous and can eat meat at any time.


Message History

It was a potion of flight.
You feel very buoyant.
You fly up into the air.
You are engulfed in a cloud of scalding steam.
* * * LOW HITPOINT WARNING * * *
The leopard gecko skeleton bites you but does no damage.
You block the steam dragon's attack. The steam dragon misses you.
You block the leopard gecko skeleton's attack.
The steam dragon bites you.
* * * LOW HITPOINT WARNING * * *
You block the steam dragon's attack. You block the iguana's attack.
You block the steam dragon's attack. The steam dragon closely misses you.
The iguana bites you.
* * * LOW HITPOINT WARNING * * *
You feel better.
The leopard gecko skeleton bites you but does no damage.
The steam dragon breathes steam at you. The ball of steam hits you!!
Ouch! That really hurt!
You die...

######.....####.......
#..........##.##......
#.............##..##..
##....................
###............##.....
#........#....###.....
#.......>#....###.....
##.##.....)##.........
###.#.@l...............
#.....ZD..#....._......
#.........[...#####....
#...ยง.......$.#..
###.##....#...#A. ##
#........#..
#........###
###.<#....._ #####.....


You could see a steam dragon, an iguana and a leopard gecko skeleton.

Vanquished Creatures
  An orc wizard (D:3)
  2 orc priests (D:3)
  Terence (D:3)
  A worker ant (D:4)
  3 gnolls (D:3)
  5 adders
  3 worms
  2 leopard geckos
  10 orcs (D:3)
  5 giant cockroaches
  8 goblins
  9 hobgoblins
  2 jackals (D:3)
  A quokka (D:2)
  2 ball pythons
  14 bats
  6 frilled lizards
  7 kobolds
  A quokka skeleton (D:4)
  9 rats
92 creatures vanquished.

Vanquished Creatures (others)
  An orc (D:4)
1 creature vanquished.

Grand Total: 93 creatures vanquished

Notes
Turn   | Place    | Note
-------+----------+-------------------------------------------
     0 | D:1      | robertstho the Kobold Berserker began the quest for the
                  | Orb.
     0 | D:1      | Reached XP level 1. HP: 14/14 MP: 1/1
   145 | D:1      | Reached XP level 2. HP: 17/19 MP: 2/2
   281 | D:1      | Reached XP level 3. HP: 15/24 MP: 3/3
   302 | D:1      | Reached ** piety under Trog
  1143 | D:2      | Reached XP level 4. HP: 29/29 MP: 4/4
  1209 | D:2      | Found a snail-covered altar of Cheibriados.
  1515 | D:2      | HP: 1/29 [adder (2)]
  1807 | D:2      | Reached XP level 5. HP: 33/33 MP: 5/5
  2370 | D:3      | Reached skill level 5 in Short Blades
  2463 | D:3      | Found a sparkling altar of Nemelex Xobeh.
  2575 | D:3      | Reached XP level 6. HP: 34/38 MP: 6/6
  2741 | D:3      | Noticed Terence
  2749 | D:3      | Killed Terence
  2798 | D:3      | Reached skill level 1 in Shields
  2834 | D:3      | Found a faded altar of an unknown god.
  3058 | D:4      | Found a shimmering altar of Xom.
  3062 | D:4      | Found Itaguiph's General Store.
  3070 | D:4      | Reached *** piety under Trog
  3074 | D:4      | Bought a potion of curing for 30 gold pieces
  3126 | D:4      | Noticed a steam dragon
  3270 | D:4      | Found a glowing silver altar of Zin.
  3270 | D:4      | Noticed an angel
  3283 | D:4      | HP: 1/38 [iguana (3)]
  3284 | D:4      | Killed from afar by a steam dragon

Levels and vault maps discovered:
D:1:      minmay_arrival_four_loops, layout_basic
D:2:      layout_rooms, cheibriados_altar_1
D:3:      layout_loops_ring, nemelex_xobeh_ov_fountains_minmay, first_ration,
          chequers_ecumenical_altar_lobes, uniq_terence
D:4:      layout_cave_pools, grunt_temple_overflow_order_and_chaos_1,
          serial_shops, kennysheep_little_box, nicolae_shop_window_shopping,
          nicolae_shop_crystal, shop, st_stairs_7

Skill      XL: |  1  2  3  4  5  6 |
---------------+-------------------+-----
Dodging        | 3 4 |  4.8
Armour         | 2 |  2.9
Fighting       | 4 |  4.1
Short Blades   | 5 |  5.7
Shields        | 1 |  1.0
Stealth        | |  0.9

Action                   |  1- 3 |  4- 6 || total
-------------------------+-------+-------++-------
Melee: Short sword       |   144 |   273 ||   417
Invok: Berserk           |     1 |    10 ||    11
       Trog's Hand       |       |     5 ||     5
  Use: Scroll            |       |     7 ||     7
       Potion            |       |     7 ||     7
 Stab: Sleeping          |     2 |       ||     2
  Eat: Chunk             |    10 |    17 ||    27
Armor: Animal skin       |    54 |    11 ||    65
       Ring mail         |       |    42 ||    42
       Skin              |       |    17 ||    17
Dodge: Dodged            |   160 |   152 ||   312
Block: Shield            |       |    94 ||    94

Table legend:
 A = Non-vault XP
 B = Vault XP
 C = Vault XP percentage of total XP
 D = Non-vault monster count
 E = Vault monster count
 F = Vault count percentage of total count
                 A         B        C        D         E       F
            +---------+---------+-------+---------+---------+-------
      Total |     412 |      36 |   8.0 |      92 |       1 |   1.1
            +---------+---------+-------+---------+---------+-------
        D:1 |      42 |       0 |   0.0 |      29 |       0 |   0.0
        D:2 |      92 |       0 |   0.0 |      25 |       0 |   0.0
        D:3 |     242 |      36 |  12.9 |      35 |       1 |   2.8
        D:4 |      36 |       0 |   0.0 |       3 |       0 |   0.0
            +---------+---------+-------+---------+---------+-------
